 Dungeon Crawl Stone Soup version 0.28.0-53-g5a82cb258f (webtiles) character file.

Game seed: 6791158109871887996

1299 GigaChad the Covered (level 8, -3/70 HPs)
             Began as a Minotaur Fighter on Aug 19, 2022.
             Was an Initiate of Yredelemnul.
             Slain by a troll (6 damage)
             ... on level 7 of the Dungeon.
             The game lasted 00:15:10 (5609 turns).

GigaChad the Covered (Minotaur Fighter)             Turns: 5609, Time: 00:15:10

Health: -3/70      AC: 13    Str: 21    XL:     8   Next: 31%
Magic:  7/7        EV:  7    Int:  7    God:    Yredelemnul [......]
Gold:   331        SH:  5    Dex: 10    Spells: 7/7 levels left

rFire   . . .      SeeInvis .   a - +0 long sword (vorpal)
rCold   + . .      Faith    .   c - +0 buckler
rNeg    . . .      Spirit   .   w - +0 plate armour
rPois   .          Reflect  .   (helmet restricted)
rElec   .          Harm     .   (no cloak)
rCorr   +          Rampage  .   (no gloves)
Will    .....                   (no boots)
Stlth   ..........              (no amulet)
HPRegen 0.21/turn               f - ring of protection from cold
MPRegen 0.10/turn               g - ring of resist corrosion

@: no status effects
A: horns 2, retaliatory headbutt
a: Renounce Religion, Recall Undead Harvest


You were on level 7 of the Dungeon.
You worshipped Yredelemnul.
Yredelemnul was noncommittal.
You visited 1 branch of the dungeon, and saw 7 of its levels.

You collected 331 gold pieces.

Inventory:

Hand Weapons
 a - a +0 vorpal long sword (weapon)
Missiles
 n - 6 curare-tipped darts (quivered)
Armour
 b - a +0 scale mail
 c - a +0 buckler (worn)
 w - a +0 plate armour (worn)
 E - a +0 plate armour
Magical Staves
 D - a staff of air
Jewellery
 f - a ring of protection from cold (left hand)
 g - a ring of resist corrosion (right hand)
 t - a ring of fire
 y - a ring of positive energy
 B - a ring of willpower
Wands
 k - a wand of paralysis (6)
 C - a wand of flame (28)
Scrolls
 i - 2 scrolls of holy word
 j - a scroll of blinking
 m - a scroll of fog
 o - a scroll of fear {unknown}
 r - a scroll of enchant armour {unknown}
 s - 2 scrolls of immolation
 u - 3 scrolls of identify
 v - a scroll of teleportation {unknown}
 x - a scroll of magic mapping
Potions
 d - 2 potions of might
 e - 4 potions of curing {unknown}
 h - a potion of ambrosia {unknown}
 l - a potion of cancellation {unknown}
 p - a potion of brilliance {unknown}
 q - a potion of flight {unknown}
 z - a potion of haste {unknown}
 A - a potion of degeneration {unknown}


   Skills:
 + Level 5.9 Fighting
 + Level 7.0 Long Blades
 + Level 7.2 Armour
 + Level 3.4 Dodging
 + Level 1.4 Stealth
 + Level 5.7 Shields


You had 7 spell levels left.
You didn't know any spells.
Your spell library contained the following spells:

 Spells                   Type           Power      Damage    Failure   Level
 Beastly Appendage        Tmut           0%         N/A       100%        1
 Freeze                   Ice            0%         1d3       100%        1
 Sting                    Tmut/Pois      0%         1d3       100%        1
 Wereblood                Tmut           0%         N/A       100%        2
 Frozen Ramparts          Ice            0%         1d2       100%        3
 Spider Form              Tmut/Pois      0%         N/A       100%        3
 Simulacrum               Ice/Necr       0%         N/A       100%        6
 Polar Vortex             Ice            0%         N/A       100%        9


Dungeon Overview and Level Annotations

Branches:
Dungeon (7/15)
 Temple: D:4-7

Altars:
Yredelemnul


Innate Abilities, Weirdness & Mutations

You have a pair of horns on your head.
You reflexively headbutt those who attack you in melee.


Message History

The troll bites you! The troll barely misses you.
The troll claws you but does no damage.
You hit the troll but do no damage.
The troll is lightly wounded.
The troll closely misses you. You furiously retaliate!
You headbutt the troll, but do no damage.
The troll claws you but does no damage. x2
You closely miss the troll. You headbutt the troll.
The troll is moderately wounded.
The troll bites you! The troll claws you but does no damage.
The troll claws you.
You closely miss the troll.
The troll is lightly wounded.
You block the troll's attack.
The troll claws you but does no damage. x2
You closely miss the troll.
The troll is lightly wounded.
The troll bites you but does no damage. The troll claws you but does no damage.
The troll claws you.
* * * LOW HITPOINT WARNING * * *
You barely miss the troll. You headbutt the troll!
The troll is moderately wounded.
The troll bites you.
* * * LOW HITPOINT WARNING * * *
The troll claws you but does no damage. You block the troll's attack.
You barely miss the troll.
The troll is moderately wounded.
The troll barely misses you. You furiously retaliate!
You headbutt the troll, but do no damage.
The troll claws you but does no damage. x2
You hit the troll.
The troll is heavily wounded.
The troll bites you but does no damage. The troll claws you!
* * * LOW HITPOINT WARNING * * *
The troll claws you.
* * * LOW HITPOINT WARNING * * *
You completely miss the troll.
The troll is heavily wounded.
You block the troll's attack. The troll claws you.
You die...
Your body rises from the dead as a mindless zombie.

#.#...)........#
#.#.#######....#
#..............#
###.#######....### #.#
#......# #.# #......#
#.# #......#
#.#######[.....####
#.[.......#@.......
#############.#T.......
#<....).# #.#........
#######.#####.#.###....
#.......#.# ....
#########.# ### ... ...


You could see a troll.

Vanquished Creatures
  A wraith (D:5)
  Menkaure (D:7)
  A black bear (D:6)
  A necrophage (D:6)
  An ogre (D:5)
  A phantom (D:4)
  A kobold brigand (D:4)
  A bullfrog (D:6)
  2 scorpions
  A hound (D:4)
  A bullfrog skeleton (D:7)
  Natasha (D:4)
  2 iguanas (D:6)
  An orc wizard (D:6)
  2 gnolls (D:1)
  5 adders
  A white imp (D:6)
  An adder skeleton (D:4)
  4 orcs (D:6)
  4 bats
  4 endoplasms
  3 giant cockroaches
  A goblin (D:1)
  8 hobgoblins
  3 jackals (D:1)
  3 quokkas
  5 ball pythons
  A frilled lizard (D:1)
  8 kobolds
  4 rats
  A spectral endoplasm (D:3)
74 creatures vanquished.

Vanquished Creatures (collateral kills)
  A hornet zombie (D:5)
  A scorpion (D:6)
  A worm (D:5)
  A dart slug (D:5)
  2 orcs
  A goblin (D:1)
  A ball python (D:2)
  A bat (D:2)
  A frilled lizard (D:1)
  3 kobolds
13 creatures vanquished.

Vanquished Creatures (others)
  2 ball python zombies
  A dart slug zombie (D:5)
3 creatures vanquished.

Grand Total: 90 creatures vanquished

Notes
Turn   | Place    | Note
-------+----------+-------------------------------------------
     0 | D:1      | GigaChad the Minotaur Fighter began the quest for the Orb.
     0 | D:1      | Reached XP level 1. HP: 19/19 MP: 0/0
   214 | D:1      | Found a basalt altar of Yredelemnul.
   222 | D:1      | Became a worshipper of Yredelemnul the Dark
   231 | D:1      | Reached XP level 2. HP: 27/27 MP: 1/1
   301 | D:1      | Reached * piety under Yredelemnul
   767 | D:1      | Reached XP level 3. HP: 32/33 MP: 2/2
   769 | D:1      | Reached skill level 1 in Dodging
   774 | D:1      | Reached ** piety under Yredelemnul
  1200 | D:2      | Reached XP level 4. HP: 40/40 MP: 3/3
  1440 | D:2      | Found a faded altar of an unknown god.
  2124 | D:4      | Noticed a scorpion
  2140 | D:4      | Killed a scorpion
  2141 | D:4      | Reached XP level 5. HP: 12/47 MP: 4/4
  2840 | D:4      | Noticed Natasha
  2844 | D:4      | Noticed a phantom
  2847 | D:4      | Killed Natasha
  2854 | D:4      | Killed a phantom
  2855 | D:4      | Reached skill level 5 in Armour
  2855 | D:4      | Reached XP level 6. HP: 43/53 MP: 5/5
  3000 | D:5      | Entered Level 5 of the Dungeon
  3033 | D:5      | Noticed an ice beast
  3370 | D:5      | Noticed a wraith
  3385 | D:5      | Killed a wraith
  3386 | D:5      | Reached skill level 5 in Fighting
  3386 | D:5      | Reached skill level 5 in Long Blades
  3386 | D:5      | Reached skill level 5 in Shields
  3386 | D:5      | Reached XP level 7. HP: 7/61 MP: 6/6
  4593 | D:6      | Reached XP level 8. HP: 70/70 MP: 7/7
  4596 | D:6      | Reached skill level 1 in Stealth
  5178 | D:7      | Got the Almanac of the Mutagenic Frostbite
  5241 | D:7      | Noticed Menkaure
  5248 | D:7      | Killed Menkaure
  5595 | D:7      | Noticed a troll
  5608 | D:7      | HP: 3/70 [troll (3)]
  5609 | D:7      | Slain by a troll

Illustrated notes

Levels and vault maps discovered:
D:1:      saegor_arrival_simple_e, layout_loops_ring, kennysheep_flooded_box,
          nrook_loot_triangle
D:2:      layout_loops_ring, shapermc_ecumenical_altar_mp_vishouse
D:3:      minmay_angry_zag, layout_rooms
D:4:      layout_basic, uniq_natasha
D:5:      layout_basic, grunt_ministairs_12
D:6:      layout_loops_ring
D:7:      layout_basic, minmay_temple_entry_enclosed_plants, uniq_menkaure

Skill      XL: |  1  2  3  4  5  6  7  8 |
---------------+-------------------------+-----
Shields        | 4 5 |  5.7
Fighting       | 4 5 |  5.9
Armour         | 4 5 6 7 |  7.2
Dodging        | 1 2 3 |  3.4
Long Blades    | 3 4 5 6 7 |  7.0
Stealth        | 1 |  1.4

Action                   |  1- 3 |  4- 6 |  7- 9 || total
-------------------------+-------+-------+-------++-------
Melee: Long sword        |    58 |    75 |    66 ||   199
       Headbutt          |     7 |    10 |    11 ||    28
  Use: Scroll            |       |     7 |       ||     7
Armor: Scale mail        |    37 |    33 |     1 ||    71
       Plate armour      |       |       |    28 ||    28
Dodge: Dodged            |    40 |    50 |    30 ||   120
Block: Buckler           |    20 |    29 |    15 ||    64
